 Dungeon Crawl Stone Soup version 0.29.0-4-gdea44cf6ec (webtiles) character file.

Game seed: 12598024333086507435

1617 qw the Cleaver (level 8, 0/71 HPs)
             Began as a Minotaur Berserker on Sept 10, 2022.
             Was a Priest of Trog.
             Slain by a bullfrog (7 damage)
             ... on level 7 of the Dungeon.
             The game lasted 00:01:56 (6619 turns).

qw the Cleaver (Minotaur Berserker)                 Turns: 6619, Time: 00:01:57

Health: 0/71       AC: 15    Str: 24    XL:     8   Next: 64%
Magic:  7/7        EV:  7    Int:  4    God:    Trog [***...]
Gold:   370        SH:  0    Dex: 10    Spells: 7/7 levels left

rFire   . . .      SeeInvis .   Y - +1 war axe (freeze)
rCold   + . .      Faith    .   (no shield)
rNeg    . . .      Spirit   .   f - +0 plate armour
rPois   .          Reflect  .   (helmet restricted)
rElec   .          Harm     .   (no cloak)
rCorr   .          Rampage  .   (no gloves)
Will    .....                   d - +2 pair of boots
Stlth   ..........              (no amulet)
HPRegen 0.21/turn               i - ring of protection from cold
MPRegen 0.10/turn               (no ring)

@: about to teleport, on berserk cooldown, slowed, very slow
A: horns 2, retaliatory headbutt
a: Renounce Religion, Berserk, Trog's Hand


You were on level 7 of the Dungeon.
You worshipped Trog.
Trog was most pleased with you.
You visited 1 branch of the dungeon, and saw 7 of its levels.

You collected 370 gold pieces.


Innate Abilities, Weirdness & Mutations

You have a pair of horns on your head.
You reflexively headbutt those who attack you in melee.


   Skills:
 - Level 6.4 Fighting
 + Level 11.6 Axes
 - Level 5.1 Armour
 - Level 2.1 Dodging


You had 7 spell levels left.
You didn't know any spells.
Your spell library was empty.

Inventory:

Hand Weapons
 h - a +0 flail
 Y - a +1 war axe of freezing (weapon)
Armour
 d - a +2 pair of boots (worn)
 f - a +0 plate armour (worn)
Jewellery
 i - a ring of protection from cold (left hand)
Scrolls
 b - a scroll of teleportation
 c - 3 scrolls of identify
Potions
 a - 2 potions of haste
 j - 2 potions of curing

Dungeon Overview and Level Annotations

Branches:
Dungeon (7/15)             Temple (0/1) D:4

Altars:
Nemelex Xobeh
Zin


Message History

You kill the gnoll!
Trog accepts your kill.
You hit the gnoll sergeant. You freeze the gnoll sergeant.
The gnoll sergeant hits you with a +0 trident.
You barely miss the gnoll sergeant.
The gnoll sergeant is lightly wounded.
You slash the gnoll sergeant! You freeze the gnoll sergeant.
The gnoll sergeant is heavily wounded.
The gnoll sergeant hits you with a +0 trident!
You slash the gnoll sergeant! You freeze the gnoll sergeant.
You kill the gnoll sergeant!
Trog accepts your kill.
An orc priest comes into view. It is wielding a +0 flail.
The orc priest shouts!
You slice the orc wizard!! You freeze the orc wizard.
You kill the orc wizard!
Trog accepts your kill.
Trog appreciates your killing of a magic user.
A bullfrog comes into view.
Items here: %% )) [[.
You slice the orc!! You freeze the orc.
You kill the orc!
Trog accepts your kill.
The orc priest mumbles some strange prayers to Beogh against you.
Pain shoots through your body!
You see here a +0 short sword.
You feel a strong urge to attack something.
You are no longer berserk.
You are exhausted.
You feel yourself slow down.
The bullfrog hits you but does no damage.
The bullfrog hits you.
The orc priest mumbles some strange prayers to Beogh against you.
Beogh smites you!
6619 ||| READING 2 scrolls of teleportation.
As you read the scroll of teleportation, it crumbles to dust.
You feel strangely unstable.
You feel your willpower return. The bullfrog hits you!
You die...

.. #.### . . ##...#
.. .###....### ... ..
..........#.... . #.
#.........#.. .##.#
#...>o...... ....
####..@F.####
##..##.............
.##.....#..).......##
........)))../.....#
........)))......###
.......<)#......##
.##......#........
#................
#.......#..........


You could see a bullfrog and an orc priest.

Vanquished Creatures
  A sky beast (D:6)
  An ogre (D:4)
  3 centaurs
  2 phantoms (D:5)
  2 gnoll sergeants (D:7)
  Blork the orc (D:4)
  2 necrophages (D:6)
  2 scorpions
  An orc priest (D:6)
  2 hounds
  2 orc wizards
  Ijyb (D:3)
  5 iguanas
  13 gnolls
  7 adders
  5 worms
  5 dart slugs
  12 orcs
  6 ball pythons
  9 endoplasms
  10 giant cockroaches
  4 goblins
  10 hobgoblins
  2 jackals (D:2)
  8 kobolds
  3 quokkas
  11 bats
  4 frilled lizards
  3 rats
137 creatures vanquished.

Vanquished Creatures (others)
  6 plants
6 creatures vanquished.

Grand Total: 143 creatures vanquished

Notes
Turn   | Place    | Note
-------+----------+-------------------------------------------
     0 | D:1      | qw the Minotaur Berserker began the quest for the Orb.
     0 | D:1      | Reached XP level 1. HP: 19/19 MP: 0/0
     0 | D:1      | Noticed a tengu
     0 | D:1      | 0 ||| qw: Version: 0.1-a-113-g051387a
     0 | D:1      | 0 ||| qw: Game counter: 7402
     0 | D:1      | 0 ||| qw: Always use a shield: true
     0 | D:1      | 0 ||| qw: Do Orc after D:15 true
     0 | D:1      | 0 ||| qw: Do second Lair branch before Depths: true
     0 | D:1      | 0 ||| qw: Lair rune preference: random
     0 | D:1      | 0 ||| qw: Plans: Normal
     0 | D:1      | 0 ||| PLANNING D:1-11
     2 | D:1      | Noticed a minotaur
     4 | D:1      | Noticed a naga
     4 | D:1      | Noticed a barachi
     8 | D:1      | Noticed an ogre
    11 | D:1      | Noticed a demigod
    11 | D:1      | Noticed an elf
    13 | D:1      | Noticed a dwarf
    15 | D:1      | Noticed a gargoyle
    15 | D:1      | Noticed a vine stalker
    15 | D:1      | Noticed a vampire
    17 | D:1      | Noticed a barachi
    17 | D:1      | Noticed a minotaur
    17 | D:1      | Noticed a tengu
    19 | D:1      | Noticed a vampire
    21 | D:1      | Noticed a barachi
    36 | D:1      | 36 ||| Stepping ~*~*~tactically~*~*~ (stealth).
   121 | D:1      | Reached skill level 4 in Axes
   239 | D:1      | Reached XP level 2. HP: 26/26 MP: 1/1
   245 | D:1      | 245 ||| Stepping ~*~*~tactically~*~*~ (hiding).
   485 | D:1      | 485 ||| Stepping ~*~*~tactically~*~*~ (stealth).
   609 | D:1      | Reached skill level 5 in Axes
   869 | D:1      | 869 ||| UPGRADING to +0 leather armour.
   879 | D:1      | 879 ||| DROPPING +0 animal skin.
   880 | D:1      | 880 ||| READING scroll labelled FAEDUT ZINU.
  1029 | D:1      | 1029 ||| READING scroll labelled SATRAU ISHRAD.
  1125 | D:2      | Reached ** piety under Trog
  1126 | D:2      | Reached XP level 3. HP: 31/31 MP: 2/2
  1161 | D:2      | Identified the +3 leather armour of Yroshurid {+Inv Dex+2}
  2088 | D:2      | Reached skill level 6 in Axes
  2088 | D:2      | Reached XP level 4. HP: 39/39 MP: 3/3
  2099 | D:2      | 2099 ||| UPGRADING to +3 leather armour of Yroshurid {+Inv
                  | Dex+2}.
  2109 | D:2      | 2109 ||| UPGRADING to +2 pair of boots.
  2114 | D:2      | 2114 ||| DROPPING +0 leather armour.
  2115 | D:2      | 2115 ||| UPGRADING to +0 chain mail.
  2125 | D:2      | 2125 ||| DROPPING +3 leather armour of Yroshurid {+Inv
                  | Dex+2}.
  2126 | D:2      | 2126 ||| DROPPING amulet of faith.
  2127 | D:2      | 2127 ||| DRINKING 2 brown potions.
  2128 | D:2      | 2128 ||| DRINKING 2 bubbling orange potions.
  2129 | D:2      | 2129 ||| READING 3 scrolls of identify.
  2129 | D:2      | 2129 ||| IDENTIFYING gluggy blue potion
  2130 | D:2      | 2130 ||| READING 2 scrolls of identify.
  2130 | D:2      | 2130 ||| IDENTIFYING inky potion
  2131 | D:2      | 2131 ||| DROPPING potion of degeneration.
  2132 | D:2      | 2132 ||| DROPPING potion of lignification.
  2133 | D:2      | 2133 ||| DROPPING potion of attraction.
  2162 | D:3      | 2162 ||| Stepping ~*~*~tactically~*~*~ (hiding).
  2168 | D:3      | 2168 ||| FLEEEEING.
  2168 | D:3      | Noticed Ijyb
  2169 | D:3      | 2169 ||| FLEEEEING.
  2170 | D:3      | 2170 ||| FLEEEEING.
  2171 | D:3      | 2171 ||| STAIRDANCE
  2197 | D:3      | 2197 ||| STAIRDANCE
  2204 | D:3      | 2204 ||| INVOKING Berserk.
  2209 | D:3      | Paralysed by Ijyb for 2 turns
  2213 | D:3      | Killed Ijyb
  2214 | D:3      | 2214 ||| STAIRDANCE
  2585 | D:3      | 2585 ||| Stepping ~*~*~tactically~*~*~ (hiding).
  2788 | D:3      | 2788 ||| SWAPPING to +0 war axe.
  2790 | D:3      | 2790 ||| Stepping ~*~*~tactically~*~*~ (stealth).
  2793 | D:3      | 2793 ||| DROPPING +0 hand axe.
  3026 | D:3      | 3026 ||| Stepping ~*~*~tactically~*~*~ (stealth).
  3111 | D:3      | Reached XP level 5. HP: 44/45 MP: 4/4
  3240 | D:3      | Reached skill level 7 in Axes
  3351 | D:3      | 3351 ||| UPGRADING to +0 plate armour.
  3361 | D:3      | 3361 ||| DROPPING +0 chain mail.
  3384 | D:4      | 3384 ||| STAIRDANCE
  3388 | D:4      | 3388 ||| STAIRDANCE
  3434 | D:4      | 3434 ||| DROPPING +0 club.
  3462 | D:4      | 3462 ||| FLEEEEING.
  3462 | D:4      | Noticed an ogre
  3463 | D:4      | 3463 ||| FLEEEEING.
  3464 | D:4      | 3464 ||| FLEEEEING.
  3465 | D:4      | 3465 ||| STAIRDANCE
  3496 | D:4      | 3496 ||| INVOKING Berserk.
  3498 | D:4      | Killed an ogre
  3503 | D:4      | 3503 ||| STAIRDANCE
  3692 | D:4      | Reached XP level 6. HP: 52/52 MP: 5/5
  3813 | D:4      | Reached *** piety under Trog
  3822 | D:4      | Found a staircase to the Ecumenical Temple.
  3858 | D:4      | 3858 ||| INVOKING Berserk.
  4025 | D:4      | 4025 ||| Stepping ~*~*~tactically~*~*~ (stealth).
  4116 | D:4      | Found a sparkling altar of Nemelex Xobeh.
  4226 | D:4      | Noticed Blork the orc
  4227 | D:4      | 4227 ||| Stepping ~*~*~tactically~*~*~ (stealth).
  4228 | D:4      | 4228 ||| Stepping ~*~*~tactically~*~*~ (stealth).
  4233 | D:4      | 4233 ||| Stepping ~*~*~tactically~*~*~ (stealth).
  4237 | D:4      | 4237 ||| INVOKING Berserk.
  4239 | D:4      | Killed Blork the orc
  4240 | D:4      | Reached skill level 8 in Axes
  4325 | D:4      | 4325 ||| Stepping ~*~*~tactically~*~*~ (stealth).
  4337 | D:4      | Found a glowing silver altar of Zin.
  4361 | D:4      | 4361 ||| Stepping ~*~*~tactically~*~*~ (stealth).
  4485 | D:4      | 4485 ||| READING 2 scrolls labelled YLUEMUEPTU.
  4490 | D:4      | 4490 ||| READING scroll labelled UTO WOLEX IMME.
  4491 | D:4      | 4491 ||| READING scroll labelled JIUCYNN DEORU.
  4492 | D:4      | 4492 ||| READING 2 scrolls of identify.
  4492 | D:4      | 4492 ||| IDENTIFYING cyan potion
  4493 | D:4      | 4493 ||| DROPPING potion of ambrosia.
  4524 | D:5      | Entered Level 5 of the Dungeon
  4651 | D:5      | Reached XP level 7. HP: 59/59 MP: 6/6
  4712 | D:5      | 4712 ||| Stepping ~*~*~tactically~*~*~ (hiding).
  4713 | D:5      | 4713 ||| Stepping ~*~*~tactically~*~*~ (hiding).
  4890 | D:5      | Reached skill level 9 in Axes
  5620 | D:5      | 5620 ||| READING scroll labelled ZACRIRU JUOR.
  5621 | D:5      | 5621 ||| READING scroll labelled DIUSAKLAQUD.
  5622 | D:5      | 5622 ||| READING scroll labelled DUCOEL OMOOT.
  5623 | D:5      | 5623 ||| READING 4 scrolls of identify.
  5623 | D:5      | 5623 ||| IDENTIFYING dark potion
  5624 | D:5      | 5624 ||| DROPPING potion of brilliance.
  5625 | D:5      | 5625 ||| READING 3 scrolls of teleportation.
  5830 | D:6      | Reached skill level 10 in Axes
  5933 | D:6      | Reached XP level 8. HP: 70/70 MP: 7/7
  6112 | D:6      | Reached skill level 6 in Fighting
  6206 | D:6      | 6206 ||| INVOKING Berserk.
  6575 | D:6      | 6575 ||| UPGRADING to ring of protection from cold.
  6576 | D:6      | 6576 ||| READING scroll labelled XONEVU VEDUCSEDD.
  6577 | D:6      | 6577 ||| READING scroll labelled XIATAA ITRO.
  6595 | D:7      | Reached skill level 11 in Axes
  6603 | D:7      | 6603 ||| INVOKING Berserk.
  6618 | D:7      | HP: 16/71 [bullfrog (6)]
  6618 | D:7      | HP: 6/71 [orc priest/divine providence (10)]
  6619 | D:7      | 6619 ||| READING 2 scrolls of teleportation.
  6619 | D:7      | Slain by a bullfrog

Levels and vault maps discovered:
D:1:      shiori_arrival_whats_in_store_for_you, layout_basic,
          serial_corexii_hall, chequers_hall_statues_y, corexii_hall_statues_t,
          minmay_crystal_water, kennysheep_pointless_box,
          chequers_serial_rivers_micro_a
D:2:      minmay_roachtagon, layout_basic, serial_forest,
          infiniplex_forest_straight_3, infiniplex_forest_clump_curved,
          infiniplex_forest_end_2, infiniplex_forest_straight_2,
          infiniplex_forest_lined_2, infiniplex_forest_lined_2,
          infiniplex_forest_lined_3, infiniplex_forest_lined_corner,
          infiniplex_forest_3_way, infiniplex_forest_lined_2,
          grunt_ministairs_7, minmay_misc_feat_rows, serial_bayou_ford_a
D:3:      layout_loops_cross, hangedman_decor_growths, uniq_ijyb
D:4:      layout_loops_ring, kennysheep_little_box,
          mainiacjoe_overflow_boulevard, minmay_temple_entry_ruins,
          lemuel_old_faithful, uniq_blork_the_orc
D:5:      layout_basic
D:6:      layout_basic, kennysheep_generic_room_13
D:7:      layout_cave_pools, enter_bailey_3, dk_noncrumbling_3, st_stairs_14

Skill      XL: |  1  2  3  4  5  6  7  8 |
---------------+-------------------------+-----
Axes           | 4 5 6 7 8 10 11 | 11.6
Armour         | 4 5 |  5.1
Fighting       | 4 5 6 |  6.4
Dodging        | |  2.1

Action                   |  1- 3 |  4- 6 |  7- 9 || total
-------------------------+-------+-------+-------++-------
Melee: Hand axe          |    92 |    27 |       ||   119
       Headbutt          |    12 |    25 |    13 ||    50
       Punch             |     1 |     1 |     1 ||     3
       War axe           |       |    98 |   109 ||   207
Invok: Berserk           |       |     4 |     2 ||     6
  Use: Scroll            |     2 |     6 |     8 ||    16
       Potion            |       |     2 |       ||     2
Armor: Animal skin       |     4 |       |       ||     4
       Leather armour    |    20 |       |       ||    20
       Chain mail        |       |    30 |       ||    30
       Plate armour      |       |    32 |    81 ||   113
Dodge: Dodged            |    36 |    36 |    28 ||   100

Table legend:
 A = Non-vault XP
 B = Vault XP
 C = Vault XP percentage of total XP
 D = Non-vault monster count
 E = Vault monster count
 F = Vault count percentage of total count
                 A         B        C        D         E       F
            +---------+---------+-------+---------+---------+-------
      Total |    2090 |     221 |   9.6 |     125 |      12 |   8.8
            +---------+---------+-------+---------+---------+-------
        D:1 |      38 |       0 |   0.0 |      22 |       0 |   0.0
        D:2 |      52 |      16 |  23.5 |      15 |       9 |  37.5
        D:3 |      65 |      35 |  35.0 |      22 |       1 |   4.3
        D:4 |     307 |      85 |  21.7 |      27 |       1 |   3.6
        D:5 |     571 |       0 |   0.0 |      15 |       0 |   0.0
        D:6 |     631 |      85 |  11.9 |      10 |       1 |   9.1
        D:7 |     426 |       0 |   0.0 |      14 |       0 |   0.0
            +---------+---------+-------+---------+---------+-------
